Unix NetHack Version 5.0.0-0 post-release - last build Jul 14 2026 02:55:29 (1809b74e8187c3a3585e283601c3028b46cbbdcb,branch:main).

Game began 2026-07-17 16:55:27, ended 2026-07-17 17:21:07.

Koku, neutral female gnomish Wizard

              --------                                 -------
  ------      |...>...####                             |.....|
  |....|      |......|   #        ---------           #......|
  |.....#     |......|   ##       |.......|           #|.....|
  |....|#     |......|    ##      |.......|        ####|...(.|
  |...>|#     -.------     ###    |.......|        #   |.....|
  |....|#      #             #####|......%|      ###   |.....|
  ------#      #                 #|.......|      #     ----|--
        #      #                 #.......<.#######         #
        #      #                  ---------      #         #
        ###    #                               ###         #
          #    #                          ######       ----.---------#
          #  --.-------       #############            |.........f.b.#
          ###-........|########                        |.....B....{.|
             |........|                                |.....(@.....|
             |.....(..|                                --------------
             ----------

Koku the Conjurer         St:7 Dx:12 Co:15 In:19 Wi:12 Ch:10  Neutral
Dlvl:4  $:43 HP:0(37) Pw:44(45) AC:7  Xp:5 T:2799 

Latest messages:
 Tulip misses the rock piercer.
 You miss the rock piercer.
 Tulip misses the rock piercer.
 Tulip misses the rock piercer.
 You miss the rock piercer.
 Tulip misses the rock piercer.
 Tulip misses the rock piercer.
 You miss the rock piercer.
 Tulip misses the rock piercer.
 You miss the rock piercer.
 Tulip bites the rock piercer.
 Tulip misses the rock piercer.
 You miss the rock piercer.
 Tulip misses the rock piercer.
 You miss the rock piercer.
 Tulip bites the rock piercer.
 The rock piercer misses Tulip.
 You miss the rock piercer.
 Tulip misses the rock piercer.
 Tulip misses the rock piercer.
 You miss the rock piercer.
 Tulip misses the rock piercer.
 You miss the rock piercer.
 The rock piercer bites!
 Tulip misses the rock piercer.
 You miss the rock piercer.
 Tulip misses the rock piercer.
 Tulip misses the rock piercer.
 You miss the rock piercer.
 The rock piercer bites!
 Tulip misses the rock piercer.
 You miss the rock piercer.
 Tulip misses the rock piercer.
 You hit the rock piercer.
 The rock piercer bites!
 Tulip bites the rock piercer.
 The rock piercer misses Tulip.
 You miss the rock piercer.
 Tulip misses the rock piercer.
 Tulip misses the rock piercer.
 You kill the rock piercer!
 Tulip eats a rock piercer corpse.
 You swap places with Tulip.
 The giant bat bites!
 You die...
 Do you want your possessions identified? [ynq] (y) y
 Do you want to see your attributes? [ynq] (y) y
 Do you want an account of creatures vanquished? [ynaq] (y) y
 Do you want to see your conduct and achievements? [ynq] (y) y
 Do you want to see the dungeon overview? [ynq] (y) y

Inventory:
 Coins    ('$')
  $ - 43 gold pieces
 Weapons  (')')
  V - a +0 dagger (weapon in right hand)
  r - a +0 flail
  a - a blessed +2 quarterstaff
 Armor    ('[')
  s - an uncursed +0 orcish helm (being worn)
  X - an uncursed +0 pair of gauntlets of dexterity (being worn)
  b - an uncursed +0 cloak of magic resistance (being worn)
 Comestibles  ('%')
  u - an uncursed lichen corpse
 Scrolls  ('?')
  t - a blessed scroll of light
  k - an uncursed scroll of magic mapping
  x - an uncursed scroll of scare monster
  o - an uncursed scroll of stinking cloud
 Spellbooks  ('+')
  O - an uncursed spellbook of detect monsters
  l - a blessed spellbook of force bolt
  m - an uncursed spellbook of jumping
 Potions  ('!')
  p - an uncursed potion of extra healing
  g - an uncursed potion of object detection
  h - an uncursed potion of sleeping
 Rings    ('=')
  d - an uncursed ring of stealth (on right hand)
  e - an uncursed ring of warning (on left hand)
 Wands    ('/')
  c - a wand of undead turning (0:6)
 Tools    ('(')
  q - an uncursed lock pick
  n - a magic marker (0:22)
 Gems/Stones  ('*')
  K - an uncursed amethyst stone
  M - a cursed worthless piece of green glass

Koku the Wizard's attributes:

Background:
 You were a Conjurer, a level 5 female gnomish Wizard.
 You were neutral, on a mission for Thoth
 who was opposed by Ptah (lawful) and Anhur (chaotic).
 You were right-handed.
 You were in the Dungeons of Doom, on level 4.
 You entered the dungeon 2799 turns ago.
 There was a new moon in effect when your adventure ended.
 You had 176 experience points, 144 more were needed to attain level 6.

Basics:
 You had 0 out of 37 hit points.
 You had 44 out of 45 energy points (spell power).
 Your armor class was 7.
 Your wallet contained 43 zorkmids.
 Autopickup was off.

Final Characteristics:
 Your strength was 7 (peak:10, limit:18/50).
 Your dexterity was 12 (limit:18).
 Your constitution was 15 (limit:18).
 Your intelligence was 19 (limit:19).
 Your wisdom was 12 (limit:18).
 Your charisma was 10 (limit:18).

Final Status:
 You weren't hungry.
 You were unencumbered.
 You were wielding a dagger.
 You were unskilled in dagger.

Final Attributes:
 You were piously aligned.
 You were magic-protected.
 You were warned.
 You had infravision.
 You were stealthy.
 You were warded.
 You are dead.

Miscellaneous:
 You didn't encounter any bones levels.
 Total elapsed playing time was 25 minutes and 37 seconds.

Major events:
 Turn
    1: Koku the neutral female gnomish Wizard entered the dungeon
 1401: attained the rank of Conjurer (level 3)
 2660: entered the Gnomish Mines
 2799: killed by a giant bat

Spells:
 Name                 Level Category     Fail Retention
 force bolt             1   attack         0%   81%-90%
 jumping                1   escape         0%  76%-100%
 detect monsters        1   divination     0%  76%-100%

Skills:
 Fighting Skills
   bare handed combat [Unskilled]
   riding             [Unskilled]
 Weapon Skills
   dagger             [Unskilled]
   knife              [Unskilled]
   axe                [Unskilled]
   short sword        [Unskilled]
   club               [Unskilled]
   mace               [Unskilled]
   quarterstaff       [Basic]
   polearms           [Unskilled]
   spear              [Unskilled]
   trident            [Unskilled]
   sling              [Unskilled]
   dart               [Unskilled]
   shuriken           [Unskilled]
 Spellcasting Skills
   attack spells      [Basic]
   healing spells     [Unskilled]
   divination spells  [Unskilled]
   enchantment spells [Basic]
   clerical spells    [Unskilled]
   escape spells      [Unskilled]
   matter spells      [Unskilled]

Voluntary challenges:
 Character rerolling was not enabled.
 You never genocided any monsters.
 You never polymorphed an object.
 You used no wishes.
Achievements:
 You entered a shop.
 You attained the rank of Conjurer.
 You entered the Gnomish Mines.

 The Dungeons of Doom: levels 1 to 4
    Level 1:
       Some fountains.
    Level 2:
       A food shop, a fountain.
    Level 3:
       An altar, a fountain.
    Level 4: "last prayed, 1850" <- You were here.
       A fountain.
       Stairs down to The Gnomish Mines.
       Final resting place for
          you, killed by a giant bat.
 The Gnomish Mines:
    Level 5:


Vanquished creatures:
  a rock piercer
  a shrieker
  a giant ant
  2 floating eyes
  2 hill orcs
  a giant bat
  a wererat
 an iguana
  a hobbit
  a manes
  a hobgoblin
  a giant rat
  3 geckos
  2 jackals
  a fox
  5 goblins
  a sewer rat
  6 grid bugs
  a bat
  4 lichens
  a kobold zombie
  7 newts
45 creatures vanquished.

No species were genocided or became extinct.

Game over:
                       ----------
                      /          \
                     /    REST    \
                    /      IN      \
                   /     PEACE      \
                  /                  \
                  |       Koku       |
                  |      43 Au       |
                  |   killed by a    |
                  |    giant bat     |
                  |                  |
                  |                  |
                  |       2026       |
                 *|     *  *  *      | *
        _________)/\\_//(\/(/\)/\//\/|_)_______

Goodbye Koku the Wizard...

You died in The Dungeons of Doom on dungeon level 4 with 953 points,
and 43 pieces of gold, after 2799 moves.
You were level 5 with a maximum of 37 hit points when you died.

